 Dungeon Crawl Stone Soup version 0.31-a0-234-gad7ace16ef (webtiles) character file.

Game seed: 17267478167696899225

121 qw the Shooter (level 4, -2/37 HPs)
             Began as a Minotaur Hexslinger on July 9, 2023.
             Slain by a gnoll
             ... wielding a +0 spear
              (8 damage)
             ... on level 3 of the Dungeon.
             The game lasted 00:00:41 (1509 turns).

qw the Shooter (Minotaur Hexslinger)                Turns: 1509, Time: 00:00:41

Health: -2/37      AC:  5    Str: 12    XL:     4   Next: 77%
Magic:  4/4        EV: 11    Int: 10    God:
Gold:   97         SH:  0    Dex: 15    Spells: 4/5 levels left

rFire   . . .        Y - +2 sling
rCold   . . .        (no shield)
rNeg    . . .        e - +0 ring mail
rPois   .            (helmet restricted)
rElec   .            (no cloak)
rCorr   .            (no gloves)
SInv    .            (no boots)
Will    .....        (no amulet)
Stlth   +            (no ring)
HPRegen 0.26/turn    (no ring)
MPRegen 0.09/turn

%: no passive effects
@: no status effects
A: horns 2, retaliatory headbutt
a: no special abilities


You were on level 3 of the Dungeon.
You visited 1 branch of the dungeon, and saw 3 of its levels.

You collected 97 gold pieces.


Innate Abilities, Weirdness & Mutations

You have a pair of horns on your head.
You reflexively headbutt those who attack you in melee.


   Skills:
 + Level 2.3 Fighting
 - Level 5.0 Ranged Weapons
 - Level 1.0 Armour
 - Level 2.1 Dodging
 - Level 1.0 Spellcasting
 - Level 2.0 Hexes


You had 4 spell levels left.
You knew the following spells:

 Your Spells              Type           Power      Damage    Failure   Level
a - Slow                  Hex            16%        N/A       34%         1

Your spell library contained the following spells:

 Spells                   Type           Power      Damage    Failure   Level
 Inner Flame              Hex/Fire       2%         N/A       83%         3
 Portal Projectile        Hex/Tloc       4%         N/A       83%         3
 Cause Fear               Hex            2%         N/A       98%         4

Inventory:

Hand Weapons
 Y - a +2 sling (weapon)
Armour
 e - a +0 ring mail (worn)
Scrolls
 b - a scroll of identify
Potions
 a - a potion of lignification {unknown}
 d - a potion of brilliance {unknown}
 f - a potion of enlightenment {unknown}
 g - a potion of might
 h - a potion of invisibility {unknown}
 i - a potion of heal wounds
 k - a potion of ambrosia {unknown}

Dungeon Overview and Level Annotations

Branches:
Dungeon (3/15)

Altars:

Shops:
D:2 :

Annotations:
D:2 exclusion: ball python


Message History

The gnoll closely misses you.
You shoot a sling bullet. The sling bullet hits the gnoll.
The gnoll is almost dead.
A gnoll comes into view. It is wielding a +0 flail.
The gnoll barely misses you. The gnoll hits you but does no damage.
The gnoll barely misses you.
The gnoll hits you from afar with a +0 spear.
The gnoll moves out of view.
You shoot a sling bullet. The sling bullet hits the gnoll.
The gnoll is almost dead.
The gnoll closely misses you.
The gnoll hits you from afar with a +0 spear.
You shoot a sling bullet.
The sling bullet hits the gnoll but does no damage.
The gnoll is almost dead.
The gnoll hits you from afar with a +0 halberd.
The gnoll misses you.
You shoot a sling bullet. The sling bullet hits the gnoll.
You kill the gnoll!
The gnoll barely misses you.
You shoot a sling bullet.
The sling bullet barely misses the gnoll.
The gnoll hits you from afar with a +0 spear.
The gnoll hits you with a +0 flail.
The gnoll hits you from afar with a +0 spear.
You shoot a sling bullet. The sling bullet hits the gnoll.
The gnoll is lightly wounded.
The gnoll hits you with a +0 flail. The gnoll barely misses you.
You shoot a sling bullet. The sling bullet hits the gnoll.
The gnoll is moderately wounded.
The gnoll hits you with a +0 flail!
The gnoll hits you from afar with a +0 spear.
You shoot a sling bullet. The sling bullet hits the gnoll.
The gnoll is heavily wounded.
The gnoll closely misses you. x2
You shoot a sling bullet.
The sling bullet closely misses the gnoll.
The gnoll barely misses you. The gnoll hits you with a +0 flail.
The gnoll hits you from afar with a +0 spear!
You die...

......
........##.#
........".!#
........#..#
...........
........>.
.........##
.........<#
.......@).#
.......g.)#
######...g.....g
#..$....###
#....#.....
#........##
#...#......
##.#.....## #.
......


You could see 2 gnolls.

Vanquished Creatures
  5 gnolls
  2 adders (D:2)
  A dart slug (D:1)
  5 bats
  4 endoplasms
  A giant cockroach (D:1)
  5 goblins
  7 hobgoblins
  2 jackals (D:1)
  5 kobolds (D:1)
  A quokka (D:1)
  4 ball pythons
  4 frilled lizards
  2 rats (D:1)
48 creatures vanquished.

Notes
Turn   | Place    | Note
-------+----------+-------------------------------------------
     0 | D:1      | qw the Minotaur Hexslinger began the quest for the Orb.
     0 | D:1      | Reached XP level 1. HP: 16/16 MP: 1/1
     0 | D:1      | 0 ||| qw: Version: 0.3-a-51-g015441d
     0 | D:1      | 0 ||| qw: Game counter: 4239
     0 | D:1      | 0 ||| qw: Melee chars always use a shield: true
     0 | D:1      | 0 ||| qw: God list: Okawaru
     0 | D:1      | 0 ||| qw: Allow faded altars: false
     0 | D:1      | 0 ||| qw: Do Orc after clearing Dungeon:15 true
     0 | D:1      | 0 ||| qw: Do second Lair branch before Depths: true
     0 | D:1      | 0 ||| qw: Lair rune preference: random
     0 | D:1      | 0 ||| qw: Goals: Normal
     0 | D:1      | 0 ||| PLANNING D:1-11
    41 | D:1      | Reached skill level 3 in Ranged Weapons
    42 | D:1      | Reached XP level 2. HP: 13/23 MP: 2/2
    44 | D:1      | 44 ||| FLEEEEING.
    45 | D:1      | 45 ||| FLEEEEING.
    46 | D:1      | 46 ||| FLEEEEING.
    47 | D:1      | 47 ||| FLEEEEING.
    48 | D:1      | 48 ||| FLEEEEING.
   321 | D:1      | Reached XP level 3. HP: 29/29 MP: 3/3
   784 | D:1      | 784 ||| UPGRADING to +0 ring mail.
   794 | D:1      | 794 ||| DROPPING +0 robe.
   795 | D:1      | 795 ||| READING scroll labelled QUMIADEOTI.
   796 | D:1      | 796 ||| READING scroll labelled ROEMAN XEDEULE.
   797 | D:1      | 797 ||| DRINKING 2 fizzy orange potions.
   798 | D:1      | 798 ||| DROPPING scroll of poison.
   979 | D:2      | Reached skill level 4 in Ranged Weapons
  1135 | D:2      | Reached skill level 1 in Armour
  1219 | D:2      | Reached XP level 4. HP: 36/36 MP: 4/4
  1224 | D:2      | 1224 ||| FLEEEEING.
  1230 | D:2      | HP: 7/36 [gnoll/+0 whip (5)]
  1344 | D:2      | Found a faded altar of an unknown god.
  1420 | D:2      | Found Bigunal's Book Emporium.
  1421 | D:2      | 1421 ||| READING 2 scrolls labelled BAMILU GUROLAC.
  1422 | D:2      | 1422 ||| READING scroll labelled QYOJE MOLO.
  1440 | D:2      | 1440 ||| READING scroll labelled PEDIUC VOC.
  1443 | D:2      | 1443 ||| DRINKING 2 white potions.
  1444 | D:2      | 1444 ||| DROPPING scroll of revelation.
  1477 | D:3      | 1477 ||| STAIRDANCE
  1496 | D:3      | 1496 ||| Stepping ~*~*~tactically~*~*~ (outnumbered).
  1500 | D:3      | Reached skill level 5 in Ranged Weapons
  1509 | D:3      | HP: 6/37 [gnoll/+0 flail (6)]
  1509 | D:3      | Slain by a gnoll

Levels and vault maps discovered:
D:1:      lightli_arrival_statue_moat, layout_basic
D:2:      layout_basic, serial_shops, shop_statue,
          hellmonk_ecumenical_altar_heavens_door
D:3:      minmay_roachtagon, layout_basic

Skill      XL: |  1  2  3  4 |
---------------+-------------+-----
Ranged Weapons | 3 4 5 |  5.0
Fighting       | 2 |  2.3
Armour         | 1 |  1.0
Dodging        | |  2.1
Spellcasting   | |  1.0
Hexes          | |  2.0

Action                     |  1- 3 |  4- 6 || total
---------------------------+-------+-------++-------
   Fire: Sling             |   116 |    31 ||   147
    Use: Scroll            |     2 |     3 ||     5
         Potion            |     1 |     1 ||     2
 Armour: Robe              |     6 |       ||     6
         Ring mail         |    14 |     6 ||    20
  Dodge: Dodged            |    33 |    20 ||    53

Table legend:
 A = Non-vault XP
 B = Vault XP
 C = Vault XP percentage of total XP
 D = Non-vault monster count
 E = Vault monster count
 F = Vault count percentage of total count
                 A         B        C        D         E       F
            +---------+---------+-------+---------+---------+-------
      Total |     174 |       0 |   0.0 |      48 |       0 |   0.0
            +---------+---------+-------+---------+---------+-------
        D:1 |      56 |       0 |   0.0 |      31 |       0 |   0.0
        D:2 |      87 |       0 |   0.0 |      14 |       0 |   0.0
        D:3 |      31 |       0 |   0.0 |       3 |       0 |   0.0
            +---------+---------+-------+---------+---------+-------
